Map: Orbital Shipyard

Players

KarrA - Winner!

  • Race: Terran Terran
  • League: Diamond

Fullmetal

  • Race: Terran Terran
  • League: Grandmaster

VOD

Have the link to the VOD?

Description

Time

  • Played on: Nov. 18, 2015, 2:20 a.m.
  • Length: 10:00
Show
View Real Time Build Order
Export as new Build Order

KarrA Terran - Winner!

Build Orders:  

Get SALT Encoding   

  12  0:00  SCV  
  13  0:13  SCV  
  14  0:17  Supply Depot  
  14  0:25  SCV  
  15  0:33  Refinery  
  15  0:39  SCV  
  16  0:45  Barracks  
  16  0:51  SCV  
  17  1:05  Barracks  
  17  1:07  SCV  
  18  1:20  Supply Depot  
  18  1:21  SCV  
  19  1:32  Reaper  
  20  1:36  Orbital Command  
  20  1:53  Reaper  
  21  2:01  SCV  
  21  2:04  Reaper  
  23  2:14  SCV  
  24  2:18  Command Center  
  24  2:27  Reaper  
  25  2:30  SCV  
  26  2:42  SCV  
  27  2:57  SCV  
  28  2:58  Refinery  
  28  2:59  Barracks  
  28  3:01  Barracks  
  28  3:05  Factory  
  28  3:09  SCV  
  29  3:22  SCV  
  29  3:55  Reaper  
  29  3:57  Factory Tech Lab  
  29  3:59  Marine x2  
  29  4:00  Command Center  
  29  4:01  Starport  
  29  4:02  SCV  
  33  4:09  Orbital Command  
  32  4:16  SCV  
  33  4:26  Siege Tank, Marine x2  
  33  4:28  SCV  
  38  4:41  SCV  
  38  4:43  SCV  
  40  4:47  Refinery  
  40  4:48  Supply Depot  
  40  4:51  Marine  
  41  4:53  SCV  
  41  4:55  Medivac  
  41  4:58  Supply Depot  
  44  5:01  SCV  
  43  5:09  SCV  
  42  5:18  Marine  
  42  5:19  Marine  
  42  5:20  Marine  
  48  5:21  Siege Tank  
  48  5:23  SCV  
  48  5:24  SCV  
  50  5:34  Barracks Reactor  
  50  5:36  SCV  
  50  5:37  SCV  
  50  5:40  Supply Depot  
  52  5:43  Refinery  
  52  5:45  Barracks Tech Lab  
  52  5:48  SCV  
  52  5:49  Orbital Command  
  54  5:50  SCV  
  54  5:52  Barracks Reactor, Medivac  
  54  5:53  Barracks  
  56  5:57  Barracks  
  56  6:00  SCV  
  57  6:06  Siege Tank  
  57  6:09  SCV  
  61  6:12  SCV  
  61  6:17  Marine x2  
  62  6:33  Marine x2  
  62  6:34  Marine x2  
  66  6:45  Orbital Command  
  64  6:50  Marine x2  
  64  6:52  SCV  
  66  6:55  Starport Reactor  
  66  6:56  Siege Tank  
  66  6:57  Barracks Reactor  
  66  7:00  Supply Depot  
  69  7:01  SCV  
  69  7:02  Supply Depot, Engineering Bay x2  
  69  7:04  SCV  
  69  7:08  Marine  
  72  7:22  Marine  
  72  7:23  Marine x3  
  72  7:28  Siege Tank  
  79  7:33  Marine x2  
  79  7:34  Stimpack  
  79  7:36  Barracks Tech Lab, Marine  
  81  7:37  Medivac x2  
  81  7:38  SCV x2  
  81  7:40  Supply Depot, Marine x2  
  81  7:41  Terran Infantry Weapons Level 1, Supply Depot, Terran Infantry Armor Level 1  
  89  7:52  Missile Turret  
  89  7:53  Marine  
  89  7:56  Missile Turret  
  89  7:57  Missile Turret  
  89  7:58  Missile Turret  
  90  7:59  Missile Turret  
  90  8:00  Missile Turret, Marine x3  
  90  8:03  SCV  
  90  8:04  SCV, Liberator  
  90  8:05  Liberator  
  95  8:08  SCV  
  95  8:10  Marine x2  
  95  8:11  Marine  
  95  8:12  Marine  
  100  8:17  Marine  
  100  8:18  Siege Tank  
  110  8:39  SCV x2, Refinery  
  110  8:40  Refinery  
  110  8:41  Factory, Starport  
  112  8:54  Siege Tank, Marine x2  
  117  9:03  Marine  
  117  9:11  Marine x2  
  117  9:13  Marine  
  117  9:25  Supply Depot, Factory Tech Lab  
  117  9:26  Supply Depot, Starport Reactor  
  117  9:32  SCV x2, Marine  
  117  9:33  Supply Depot, SCV  
Show
View Real Time Build Order
Export as new Build Order

Fullmetal Terran 

Build Orders: Reaper Expand 

Get SALT Encoding   

  12  0:01  SCV  
  13  0:13  SCV  
  14  0:18  Supply Depot  
  14  0:25  SCV  
  15  0:40  SCV  
  15  0:42  Barracks  
  16  0:46  Refinery  
  16  0:52  SCV  
  17  1:04  SCV  
  18  1:16  SCV  
  19  1:28  Orbital Command  
  19  1:30  Reaper  
  20  1:43  Command Center  
  20  1:55  SCV  
  20  1:56  Supply Depot  
  21  2:02  Barracks Reactor  
  21  2:07  SCV  
  22  2:15  Refinery  
  22  2:20  SCV  
  23  2:28  Factory  
  23  2:32  SCV  
  24  2:41  Marine x2  
  22  2:59  SCV x2, Marine x2  
  26  3:11  SCV  
  25  3:17  Reaper x2  
  22  3:33  SCV  
  16  3:45  SCV  
  12  3:54  SCV  
  9  3:57  Reaper x2  
  9  3:58  SCV  
  12  4:10  Orbital Command  
  12  4:14  SCV  
  13  4:20  Hellion  
  14  4:26  SCV  
  15  4:33  Reaper  
  15  4:36  SCV  
  15  4:38  SCV  
  18  4:44  Hellion  
  20  4:48  SCV  
  20  4:50  SCV  
  23  5:00  SCV  
  22  5:16  SCV x2  
  22  5:18  Marine  
  22  5:19  Marine  
  22  5:20  Hellion  
  25  5:28  SCV x2  
  26  5:33  Barracks  
  27  5:39  Marine  
  27  5:40  SCV x2, Marine  
  27  5:42  Factory Tech Lab  
  31  5:52  SCV  
  31  5:54  SCV  
  33  5:57  Barracks  
  33  6:00  Marine  
  33  6:01  Marine  
  33  6:03  Siege Tank  
  38  6:05  SCV  
  38  6:06  SCV  
  38  6:10  Supply Depot  
  40  6:17  SCV  
  41  6:19  SCV  
  41  6:24  Barracks Tech Lab, Marine x2  
  44  6:30  SCV  
  39  6:33  SCV  
  39  6:42  SCV  
  39  6:45  SCV  
  35  6:50  Marine x4  
  38  6:54  SCV  
  38  6:57  SCV  
  40  7:06  SCV  
  41  7:09  Stimpack, Marine x3  
  41  7:11  SCV  
  45  7:16  Marine  
  46  7:25  Supply Depot x2  
  46  7:37  Refinery  
  46  7:40  Engineering Bay  
  46  7:46  Marine x2  
  46  7:47  SCV x2, Siege Tank  
  53  7:51  Marine x2  
  53  7:52  Supply Depot  
  55  7:58  Starport  
  55  7:59  SCV x2  
  57  8:06  Supply Depot  
  57  8:07  Marine  
  57  8:08  Marine  
  57  8:10  Marine  
  57  8:11  SCV x2  
  62  8:18  Marine  
  63  8:23  SCV  
  63  8:25  Siege Tank  
  67  8:27  Marine  
  67  8:30  Marine x2  
  66  8:37  SCV  
  66  8:38  SCV, Starport Reactor  
  66  8:40  Marine  
  69  8:45  Supply Depot  
  69  8:47  Refinery  
  69  8:53  Marine  
  68  8:55  Command Center  
  68  9:01  Marine x2  
  66  9:04  SCV  
  66  9:12  Marine x2  
  66  9:15  Siege Tank, Medivac x2  
  66  9:16  SCV  
  70  9:19  Marine  
  71  9:24  Supply Depot  
  71  9:33  Marine  
  71  9:36  SCV  
  66  9:45  Barracks  
  65  9:47  Barracks  
Tags
 
Add a new tag
Caveats
  • Supply blocks, unpowered buildings, or Contaminate may cause inaccurate times.
  • Supply counts are checked every 10 seconds.